 Dungeon Crawl Stone Soup version 0.27-a0-286-g37e0bc138e (webtiles) character file.

Game seed: 8026993790602796608

58 EldarEldrad the Chopper (level 3, -1/31 HPs)
             Began as a Minotaur Berserker on Feb 8, 2021.
             Was a Believer of Trog.
             Slain by Natasha (6 damage)
             ... on level 2 of the Dungeon.
             The game lasted 00:04:30 (1366 turns).

EldarEldrad the Chopper (Minotaur Berserker)        Turns: 1366, Time: 00:04:30

Health: -1/31      AC:  3    Str: 22    XL:     3   Next: 76%
Magic:  2/2        EV: 12    Int:  4    God:    Trog [**....]
Gold:   40         SH:  0    Dex:  9    Spells: 2/2 levels left

rFire    . . .     SeeInvis .   a - +0 hand axe
rCold    . . .     Faith    .   (no shield)
rNeg     . . .     Spirit   .   c - +0 leather armour
rPois    .         Reflect  .   (helmet restricted)
rElec    .         Harm     .   (no cloak)
rCorr    .         Rampage  .   (no gloves)
Will     .....                  (no boots)
Stlth    +.........             (no amulet)
HPRegen  0.10/turn              (no ring)
MPRegen  0.08/turn              (no ring)

@: slowed, very slow
A: retaliatory headbutt, horns 2
a: Renounce Religion, Berserk, Trog's Hand


You were on level 2 of the Dungeon.
You worshipped Trog.
Trog was pleased with you.
You visited 1 branch of the dungeon, and saw 2 of its levels.

You collected 40 gold pieces.

Inventory:

Hand Weapons
 a - a +0 hand axe (weapon)
Missiles
 g - 29 stones (quivered)
Armour
 c - a +0 leather armour (worn)
 d - a +0 chain mail
Scrolls
 b - 2 scrolls of identify {unknown}
 h - a scroll of amnesia {unknown}
Potions
 e - a potion of might {unknown}
 f - a potion of magic {unknown}
 i - a potion of curing {unknown}
 j - a potion of mutation {unknown}


   Skills:
 - Level 3.6 Fighting
 + Level 5.8 Axes
 - Level 2.4 Armour
 - Level 2.1 Dodging


You had 2 spell levels left.
You didn't know any spells.
Your spell library was empty.

Dungeon Overview and Level Annotations

Branches:
Dungeon (2/15)

Altars:

Annotations:
D:2 Natasha


Innate Abilities, Weirdness & Mutations

You reflexively headbutt those who attack you in melee.
You have a pair of horns on your head.


Message History

Natasha is severely wounded.
Natasha zaps a wand.
The puff of flame hits you!
You hit Natasha but do no damage.
Natasha is severely wounded.
Natasha casts a spell at you.
You feel yourself slow down.
You closely miss Natasha.
Natasha is severely wounded.
The crimson imp blinks!
Natasha claws you.
* * * LOW HITPOINT WARNING * * *
The crimson imp blinks! x2
You hit Natasha but do no damage.
Natasha is severely wounded.
Natasha howls an incantation.
Natasha shimmers violently.
Natasha zaps a wand.
The puff of flame hits you.
* * * LOW HITPOINT WARNING * * *
The crimson imp shouts, "Quit, thou paunchy knotty-pated mish-mash!"
The crimson imp blinks!
Natasha claws you.
You die...

#.............#.#
#.. ..#....
##.......#####.#.#
#.# ####...
...#####.# #.#.##
...# ##..
##.##....#
#....#..... ..#
#.##.##.#
#.#........ ###
#.##
#.#####(#.##.....
#..
.......(....r...#
#..
##.####..†###..#
#.## . #..@# #.#
.##..(..h.....#
#.#.5§§##.#.#
........#
<.........
#.....#.##.
#.5§..#^. .
#.....### #


You could see Natasha and 2 crimson imps.

Vanquished Creatures
  An adder (D:2)
  An ooze (D:1)
  2 worms (D:2)
  2 dart slugs (D:1)
  A ball python (D:2)
  8 bats
  2 goblins (D:1)
  4 hobgoblins
  5 kobolds
  4 frilled lizards
  A quokka skeleton (D:2)
  5 rats
36 creatures vanquished.

Vanquished Creatures (others)
  19 plants (D:2)
19 creatures vanquished.

Grand Total: 55 creatures vanquished

Notes
Turn   | Place    | Note
-------+----------+-------------------------------------------
     0 | D:1      | EldarEldrad the Minotaur Berserker began the quest for the
                  | Orb.
     0 | D:1      | Reached XP level 1. HP: 19/19 MP: 0/0
     3 | D:1      | Noticed an electric eel
     4 | D:1      | Noticed an electric eel
    66 | D:1      | Reached skill level 4 in Axes
   263 | D:1      | Reached XP level 2. HP: 26/26 MP: 1/1
   622 | D:1      | Reached skill level 5 in Axes
   788 | D:1      | Reached XP level 3. HP: 31/31 MP: 2/2
   945 | D:2      | Reached ** piety under Trog
  1353 | D:2      | Noticed Natasha
  1366 | D:2      | Slain by Natasha

Illustrated notes

Levels and vault maps discovered:
D:1:      arrival_aquarium_b, layout_basic
D:2:      layout_loops_cross, serial_bayou_lagoon_a, makhleb_heckhound_becter,
          uniq_natasha

Skill      XL: |  1  2 |
---------------+-------+-----
Axes           | 4 5 |  5.8
Fighting       | |  3.6
Armour         | |  2.4
Dodging        | |  2.1

Action                   || total
-------------------------++-------
Melee: Hand axe          ||    86
       Headbutt          ||    10
Throw: Stone             ||    26
Invok: Trog's Hand       ||     1
Armor: Animal skin       ||     2
       Leather armour    ||    15
Dodge: Dodged            ||    45

Table legend: (Time is in decaauts)
 A = Elapsed time spent in this place.
 B = Non-inter-level travel time spent in this place.
 C = Inter-level travel time spent in this place.
 D = Time resting spent in this place.
 E = Time spent auto-exploring this place.
 F = Levels seen in this place.
 G = Mean time per level.
                   A        B        C        D        E       F      G
               +--------+--------+--------+--------+--------+-----+--------+
         Total |   1373 |   1366 |      7 |      0 |   1057 |   2 |  686.5 |
       Dungeon |   1373 |   1366 |      7 |      0 |   1057 |   2 |  686.5 |
               +--------+--------+--------+--------+--------+-----+--------+

Top non-repeatable levels by time:
     D:1: 881 daAuts
     D:2: 492 daAuts
